 Dungeon Crawl Stone Soup version 0.29.1-15-g9cfb28693d (webtiles) character file.

Game seed: 9483333452238239726

37 Calibrex the Caller (level 3, 0/20 HPs)
             Began as a Deep Elf Summoner on Mar 30, 2023.
             Succumbed to a kobold's poison
             ... on level 2 of the Dungeon.
             The game lasted 00:07:06 (1830 turns).

Calibrex the Caller (Deep Elf Summoner)             Turns: 1830, Time: 00:07:06

Health: 0/20       AC:  2    Str:  5    XL:     3   Next: 23%
Magic:  6/10       EV: 12    Int: 21    God:
Gold:   85         SH:  0    Dex: 15    Spells: 6/9 levels left

rFire   + . .      SeeInvis .   (no weapon)
rCold   + . .      Faith    .   (no shield)
rNeg    . . .      Spirit   .   a - +0 robe
rPois   +          Reflect  .   (no helmet)
rElec   +          Harm     .   (no cloak)
rCorr   +          Rampage  .   (no gloves)
Will    .....                   (no boots)
Stlth   ++........              (no amulet)
HPRegen 0.06/turn               (no ring)
MPRegen 0.12/turn               (no ring)

@: lethally poisoned (0 -> -1), resistant, attractive, flying
A: no striking features
a: no special abilities


You were on level 2 of the Dungeon.
You visited 1 branch of the dungeon, and saw 2 of its levels.

You collected 85 gold pieces.

Inventory:

Missiles
 h - 4 poisoned darts (quivered)
 i - 4 atropa-tipped darts
Armour
 a - a +0 robe (worn)
Scrolls
 c - a scroll of fog {unknown}
 e - a scroll of teleportation {unknown}
 f - a scroll of identify {unknown}
 g - a scroll of immolation {unknown}
Potions
 b - 2 potions of magic


   Skills:
 + Level 1.2 Fighting
 - Level 2.4 Dodging
 - Level 2.4 Stealth
 + Level 3.8 Spellcasting
 + Level 4.8 Summonings


You had 6 spell levels left.
You knew the following spells:

 Your Spells              Type           Power      Damage    Failure   Level
a - Summon Small Mammal   Summ           96%        N/A       1%          1
b - Call Imp              Summ           24%        N/A       2%          2

Your spell library contained the following spells:

 Spells                   Type           Power      Damage    Failure   Level
 Call Canine Familiar     Summ           24%        N/A       4%          3
 Summon Guardian Golem    Hex/Summ       14%        N/A       14%         3
 Summon Lightning Spire   Summ/Air       14%        N/A       41%         4


Dungeon Overview and Level Annotations

Branches:
Dungeon (2/15)

Altars:
Elyvilon


Message History

Gang up on whom?
Press: ? - help, Dir - move target, f - kobold
Aim: a kobold, wielding a +0 club and quivering poisoned darts (ally target) Attack!
You feel sick.
The kobold throws a poisoned dart.
The poisoned dart hits you!
You are more poisoned.
You feel sick.
Your shadow imp barely misses the kobold.
You feel sick. The kobold misses you.
Your shadow imp barely misses the kobold.
You hit the kobold.
The kobold is heavily wounded.
You feel sick. The kobold hits you with a +0 club.
* * * LOW HITPOINT WARNING * * *
Your shadow imp barely misses the kobold.
Throw: throwing net
Press: ? - help, Q - select action, (/) - cycle Shift-Dir - straight line, f/p - kobold
Aim: a kobold, wielding a +0 club and quivering poisoned darts (heavily wounded, ally target, 50% to hit)
You throw a throwing net. The throwing net hits the kobold.
The kobold is caught in the net!
The kobold is heavily wounded.
* * * LOW HITPOINT WARNING * * *
You feel sick.
The kobold struggles against the net.
Your shadow imp gestures at the kobold.
The kobold writhes in agony.
The kobold dies!
It was a potion of flight.
You feel very buoyant.
You fly up into the air.
* * * LOW HITPOINT WARNING * * *
You feel sick.
It was a potion of attraction.
You feel attractive to monsters.
* * * LOW HITPOINT WARNING * * *
You feel sick.
It was a potion of resistance.
You feel protected.
* * * LOW HITPOINT WARNING * * *
You feel sick.
You die...

#.##..#######.
#.##..#######.#
#.##........... #
####.##.########.###.#
..##.##............#.###
#.##.#.................
#.#.#>...#######.#.#.###
#..###...#####...)....<#
..## ##........#@5$#
##.###.#.#####.###.#
##.#..#.# #.# #.###.#
#...#.#.# ##.###<...#
#.#.#.#.# ##...##.####
#.#.#.#.###.#.#.#.#
#.#.#.#...........#
#.#.......#.#.#.###
#..##.###.##...##


You could see a friendly shadow imp (summoned).

Vanquished Creatures
  A ball python (D:1)
  A giant cockroach (D:1)
2 creatures vanquished.

Vanquished Creatures (collateral kills)
  A ball python (D:1)
  A bat (D:1)
  5 endoplasms
  2 giant cockroaches (D:1)
  2 goblins (D:1)
  4 hobgoblins (D:1)
  4 jackals (D:1)
  3 kobolds
  A quokka (D:2)
  3 frilled lizards (D:1)
  A rat (D:1)
27 creatures vanquished.

Grand Total: 29 creatures vanquished

Notes
Turn   | Place    | Note
-------+----------+-------------------------------------------
     0 | D:1      | Calibrex the Deep Elf Summoner began the quest for the Orb.
     0 | D:1      | Reached XP level 1. HP: 10/10 MP: 6/6
   241 | D:1      | Reached XP level 2. HP: 16/16 MP: 8/8
   851 | D:1      | Reached skill level 1 in Fighting
  1051 | D:1      | Reached XP level 3. HP: 20/20 MP: 7/10
  1095 | D:1      | You fall into a shaft and drop 1 floor!
  1095 | D:2      | Found a white marble altar of Elyvilon.
  1099 | D:2      | Learned a level 2 spell: Call Imp
  1218 | D:1      | Found a faded altar of an unknown god.
  1829 | D:2      | HP: 1/20 [poisoned by a kobold]
  1830 | D:2      | Succumbed to a kobold's poison

Illustrated notes

Levels and vault maps discovered:
D:1:      nzn_arrival_water_spiral, layout_loops_corners,
          ebering_ecumenical_altar_hall
D:2:      layout_loops_ring, basic_altar

Skill      XL: |  1  2 |
---------------+-------+-----
Fighting       | 1 |  1.2
Dodging        | |  2.4
Stealth        | |  2.4
Spellcasting   | |  3.8
Summonings     | |  4.8

Action                   || total
-------------------------++-------
Melee: Unarmed           ||    30
       Punch             ||     1
Throw: Throwing net      ||     1
 Cast: Summon Small Mamm ||    39
       Call Imp          ||    11
  Use: Potion            ||     3
Armor: Robe              ||     9
Dodge: Dodged            ||    32
